| TOP OF THE 1ST |
|
Toronto Blue Jays batting - Pitching for Seattle Mariners : RHP Ed Halicki
|
|
Pitching: RHP Ed Halicki
|
|
|
Batting: LHB Sheldon Mallory
|
0-0: Foul Ball, location: 2F 0-1: SINGLE (Line Drive, 6MD, EV 105.0 MPH)
|
|
Batting: RHB Jose Gonzalez
|
0-0: Called Strike 0-1: Called Strike Sheldon Mallory steals 2nd base 0-2: Ball 1-2: Fly out, F6 (Line Drive, 6, EV 71.3 MPH)
|
|
Batting: RHB Andres Galarraga
|
0-0: Ball Sheldon Mallory steals 3rd base 1-0: Ball 2-0: Foul Ball, location: 2F 2-1: SINGLE (Line Drive, 6MD, EV 98.1 MPH) Sheldon Mallory scores
|
|
Batting: RHB Juan Monasterio
|
0-0: Called Strike 0-1: Ball Andres Galarraga is caught stealing 2nd base 2-4 1-1: Fly out, F6 (Popup, 6, EV 59.4 MPH)
|
| Top of the 1st over - 1 run, 2 hits, 0 errors, 0 left on base; Toronto 1 - Seattle 0 |
| BOTTOM OF THE 1ST |
|
Seattle Mariners batting - Pitching for Toronto Blue Jays : RHP Storm Davis
|
|
Pitching: RHP Storm Davis
|
|
|
Batting: LHB Ivan Flores
|
0-0: Ball 1-0: Ball 2-0: Ball 3-0: Base on Balls
|
|
Batting: LHB Glen Franklin
|
0-0: Ball 1-0: Foul Ball, location: 2F 1-1: Ball 2-1: Fielders Choice at 2nd, 6-4 (Groundball, 6, EV 84.4 MPH)
|
|
Batting: RHB Tony Conigliaro
|
0-0: Ball 1-0: Called Strike 1-1: Ground out 4-3 (Groundball, 4M, EV 83.1 MPH) Glen Franklin to second
|
|
Batting: RHB Bobby Bonds
|
0-0: Called Strike 0-1: Fly out, F9 (Flyball, 89S, EV 86.3 MPH)
|
| Bottom of the 1st over - 0 runs, 0 hits, 0 errors, 1 left on base; Toronto 1 - Seattle 0 |
| TOP OF THE 2ND |
|
Toronto Blue Jays batting - Pitching for Seattle Mariners : RHP Ed Halicki
|
|
Batting: LHB Darryl Strawberry
|
0-0: Ball 1-0: Ball 2-0: Called Strike 2-1: Foul Ball, location: 2F 2-2: Foul Ball, location: 2F 2-2: DOUBLE (Line Drive, 78XD, EV 105.6 MPH)
|
|
Batting: RHB Cal Ripken
|
0-0: Called Strike 0-1: Foul Ball, location: 2F 0-2: SINGLE (Line Drive, 4D, EV 103.1 MPH) Darryl Strawberry to third Runner from 3rd tries for Home, SAFE, throw by CF to home
|
|
Batting: LHB Paul O'Neill
|
0-0: Ball 1-0: Ball 2-0: Ball 3-0: Called Strike 3-1: Swinging Strike 3-2: Foul Ball, location: 2F 3-2: Foul Ball, location: 2F 3-2: Strikes out looking
|
|
Batting: RHB Fritzie Connally
|
0-0: Fly out, F4 (Popup, 4MD, EV 70.6 MPH)
|
|
Batting: SHB Harold Reynolds
|
0-0: Ball Passed Ball! Cal Ripken to second 1-0: Called Strike 1-1: Swinging Strike 1-2: Ball 2-2: Ground out 6-3 (Groundball, 6M, EV 101.9 MPH)
|
| Top of the 2nd over - 1 run, 2 hits, 0 errors, 1 left on base; Toronto 2 - Seattle 0 |
| BOTTOM OF THE 2ND |
|
Seattle Mariners batting - Pitching for Toronto Blue Jays : RHP Storm Davis
|
|
Batting: RHB Ryne Sandberg
|
0-0: Ground out 6-3 (Groundball, 6, EV 85.0 MPH)
|
|
Batting: RHB Ramon Estepa
|
0-0: Ball 1-0: Foul Ball, location: 2F 1-1: Ground out 6-3 (Groundball, 56, EV 81.9 MPH)
|
|
Batting: RHB Ken Reitz
|
0-0: Ball 1-0: Ball 2-0: Fly out, F9 (Flyball, 9D, EV 85.0 MPH)
|
| Bottom of the 2nd over - 0 runs, 0 hits, 0 errors, 0 left on base; Toronto 2 - Seattle 0 |
| TOP OF THE 3RD |
|
Toronto Blue Jays batting - Pitching for Seattle Mariners : RHP Ed Halicki
|
|
Batting: LHB Sheldon Mallory
|
0-0: Ball 1-0: Ball 2-0: Foul Ball, location: 2F 2-1: Bunt missed! 2-2: Foul Ball, location: 2F 2-2: Ball 3-2: Ground out 4-3 (Groundball, 34D, EV 80.6 MPH)
|
|
Batting: RHB Jose Gonzalez
|
0-0: DOUBLE (Line Drive, 9LS, EV 93.8 MPH)
|
|
Batting: RHB Andres Galarraga
|
0-0: Foul Ball, location: 2F 0-1: Swinging Strike 0-2: Strikes out swinging
|
|
Batting: RHB Juan Monasterio
|
0-0: Called Strike 0-1: Ground out 4-3 (Groundball, 4, EV 108.1 MPH)
|
| Top of the 3rd over - 0 runs, 1 hit, 0 errors, 1 left on base; Toronto 2 - Seattle 0 |
| BOTTOM OF THE 3RD |
|
Seattle Mariners batting - Pitching for Toronto Blue Jays : RHP Storm Davis
|
|
Batting: LHB Rich Gedman
|
0-0: Foul Ball, location: 2F 0-1: Ground out U3 (Groundball, 3L, EV 96.9 MPH)
|
|
Batting: RHB Kurt Cunningham
|
0-0: Ball 1-0: Ball 2-0: Ball 3-0: Base on Balls
|
|
Batting: LHB Ivan Flores
|
0-0: Foul Ball, location: 2F 0-1: Ball 1-1: Ball 2-1: Fly out, F6 (Popup, 6S, EV 81.9 MPH)
|
|
Batting: LHB Glen Franklin
|
0-0: Called Strike 0-1: Ball 1-1: Ball 2-1: Ball 3-1: Foul Ball, location: 2F 3-2: Strikes out swinging
|
| Bottom of the 3rd over - 0 runs, 0 hits, 0 errors, 1 left on base; Toronto 2 - Seattle 0 |
| TOP OF THE 4TH |
|
Toronto Blue Jays batting - Pitching for Seattle Mariners : RHP Ed Halicki
|
|
Batting: LHB Darryl Strawberry
|
0-0: Called Strike 0-1: Ball 1-1: Ball 2-1: Ball 3-1: Base on Balls
|
|
Pitching: RHP Dick Bosman
|
|
|
Batting: RHB Cal Ripken
|
0-0: Ball 1-0: SINGLE (Groundball, 6D, EV 99.4 MPH) Darryl Strawberry to second Runner from 2nd tries for 3rd, SAFE, throw by CF made to third
|
|
Batting: LHB Paul O'Neill
|
0-0: Called Strike 0-1: Ball 1-1: DOUBLE (Line Drive, 5D, EV 102.5 MPH) Darryl Strawberry scores Cal Ripken to third Runner from 3rd tries for Home, SAFE, no throw by LF
|
|
Batting: RHB Fritzie Connally
|
0-0: Ball 1-0: Ball 2-0: Called Strike 2-1: SINGLE (Line Drive, 34D, EV 98.8 MPH) Paul O'Neill to third Runner from 3rd tries for Home, SAFE, throw by RF to home Fritzie Connally to second
|
|
Batting: SHB Harold Reynolds
|
0-0: Ball Wild Pitch! Fritzie Connally to third 1-0: Called Strike 1-1: Foul Ball, location: 2F 1-2: Ground out U3 (Groundball, 34S, EV 80.6 MPH) Fritzie Connally scores
|
|
Batting: LHB Sheldon Mallory
|
0-0: Called Strike 0-1: Swinging Strike 0-2: Ball 1-2: SINGLE (Line Drive, 4MD, EV 98.8 MPH)
|
|
Batting: RHB Jose Gonzalez
|
0-0: Ball Wild Pitch! Sheldon Mallory to second 1-0: Ball 2-0: Called Strike 2-1: Foul Ball, location: 2F 2-2: Strikes out swinging
|
|
Batting: RHB Andres Galarraga
|
0-0: Ball 1-0: Ground out 4-3 (Groundball, 4, EV 85.0 MPH)
|
| Top of the 4th over - 4 runs, 4 hits, 0 errors, 1 left on base; Toronto 6 - Seattle 0 |
| BOTTOM OF THE 4TH |
|
Seattle Mariners batting - Pitching for Toronto Blue Jays : RHP Storm Davis
|
|
Batting: RHB Tony Conigliaro
|
0-0: Ball 1-0: Swinging Strike 1-1: Ball 2-1: Foul Ball, location: 2F 2-2: SOLO HOME RUN (Flyball, 78XD, EV 109.4 MPH), Distance : 448 ft
|
|
Batting: RHB Bobby Bonds
|
0-0: Ball 1-0: DOUBLE (Line Drive, 7LD, EV 104.4 MPH)
|
|
Batting: RHB Ryne Sandberg
|
0-0: Ball 1-0: Called Strike 1-1: Foul Ball, location: 2F 1-2: Ball 2-2: Ball 3-2: Strikes out swinging
|
|
Batting: RHB Ramon Estepa
|
0-0: Ball 1-0: Ball 2-0: Ball 3-0: Base on Balls
|
|
Batting: RHB Ken Reitz
|
0-0: Ball 1-0: Grounds into double play, 6-4-3 (Groundball, 6, EV 93.1 MPH)
|
| Bottom of the 4th over - 1 run, 2 hits, 0 errors, 1 left on base; Toronto 6 - Seattle 1 |
| TOP OF THE 5TH |
|
Toronto Blue Jays batting - Pitching for Seattle Mariners : RHP Dick Bosman
|
|
Batting: RHB Juan Monasterio
|
0-0: SINGLE (Line Drive, 8LS, EV 102.5 MPH)
|
|
Batting: LHB Darryl Strawberry
|
0-0: Ball 1-0: Swinging Strike 1-1: Foul Ball, location: 2F 1-2: Ball 2-2: Grounds into double play, 4-6-3 (Groundball, 4, EV 85.6 MPH)
|
|
Batting: RHB Cal Ripken
|
0-0: Ball 1-0: SINGLE (Line Drive, 56D, EV 98.8 MPH)
|
|
Batting: LHB Paul O'Neill
|
0-0: Ball 1-0: Ball 2-0: Called Strike 2-1: 2-RUN HOME RUN (Flyball, 89XD, EV 105.0 MPH), Distance : 472 ft
|
|
Pitching: RHP Timothy Jones
|
|
|
Batting: RHB Fritzie Connally
|
0-0: Called Strike 0-1: Ball 1-1: Ball 2-1: Foul Ball, location: 2F 2-2: Foul Ball, location: 2F 2-2: Foul Ball, location: 2F 2-2: Fly out, F4 (Popup, 3S, EV 90.0 MPH)
|
| Top of the 5th over - 2 runs, 3 hits, 0 errors, 0 left on base; Toronto 8 - Seattle 1 |
| BOTTOM OF THE 5TH |
|
Seattle Mariners batting - Pitching for Toronto Blue Jays : RHP Storm Davis
|
|
Pitching: RHP Stephen Szorc
|
|
|
Batting: LHB Rich Gedman
|
0-0: Ball 1-0: Swinging Strike 1-1: Ground out 1-3 (Groundball, 34S, EV 70.0 MPH)
|
|
Batting: RHB Kurt Cunningham
|
0-0: Called Strike 0-1: Fly out, F6 (Line Drive, 6, EV 71.3 MPH)
|
|
Batting: LHB Ivan Flores
|
0-0: Ball 1-0: Called Strike 1-1: Fly out, F7 (Flyball, 78S, EV 83.1 MPH)
|
| Bottom of the 5th over - 0 runs, 0 hits, 0 errors, 0 left on base; Toronto 8 - Seattle 1 |
| TOP OF THE 6TH |
|
Toronto Blue Jays batting - Pitching for Seattle Mariners : RHP Timothy Jones
|
|
Batting: SHB Harold Reynolds
|
0-0: Fly out, F9 (Flyball, 89M, EV 87.5 MPH)
|
|
Pinch Hitting: RHB Hubie Brooks
|
0-0: Swinging Strike 0-1: Ground out 5-3 (Groundball, 56S, EV 92.5 MPH)
|
|
Pinch Hitting: LHB Ray Cosey
|
0-0: Foul Ball, location: 2F 0-1: Foul Ball, location: 2F 0-2: Strikes out swinging
|
| Top of the 6th over - 0 runs, 0 hits, 0 errors, 0 left on base; Toronto 8 - Seattle 1 |
| BOTTOM OF THE 6TH |
|
Seattle Mariners batting - Pitching for Toronto Blue Jays : RHP Stephen Szorc
|
|
Now in LF: Hubie Brooks
|
|
|
Now in CF: Ray Cosey
|
|
|
Batting: LHB Glen Franklin
|
0-0: Foul Ball, location: 2F 0-1: Fly out, F7 (Flyball, 78D, EV 91.3 MPH)
|
|
Batting: RHB Tony Conigliaro
|
0-0: Swinging Strike 0-1: Ball 1-1: Foul Ball, location: 2F 1-2: Ball 2-2: Fly out, F9 (Flyball, 9S, EV 95.0 MPH)
|
|
Batting: RHB Bobby Bonds
|
0-0: Called Strike 0-1: Ball 1-1: Ball 2-1: Called Strike 2-2: Strikes out swinging
|
| Bottom of the 6th over - 0 runs, 0 hits, 0 errors, 0 left on base; Toronto 8 - Seattle 1 |
| TOP OF THE 7TH |
|
Toronto Blue Jays batting - Pitching for Seattle Mariners : RHP Timothy Jones
|
|
Batting: RHB Andres Galarraga
|
0-0: Called Strike 0-1: Called Strike 0-2: Ball 1-2: Ball 2-2: Strikes out swinging, 2-3 out at first.
|
|
Pinch Hitting: RHB Jeremy Nelson
|
0-0: Ball 1-0: Ball 2-0: Called Strike 2-1: Foul Ball, location: 2F 2-2: Ball 3-2: Strikes out looking
|
|
Batting: RHB Dave Meier
|
0-0: Called Strike 0-1: Swinging Strike 0-2: Ball 1-2: Ground out 6-3 (Groundball, 6, EV 83.1 MPH)
|
| Top of the 7th over - 0 runs, 0 hits, 0 errors, 0 left on base; Toronto 8 - Seattle 1 |
| BOTTOM OF THE 7TH |
|
Seattle Mariners batting - Pitching for Toronto Blue Jays : RHP Stephen Szorc
|
|
Pitching: RHP Mike Proly
|
|
|
Now at 3B: Jeremy Nelson
|
|
|
Batting: RHB Ryne Sandberg
|
0-0: Ball 1-0: Called Strike 1-1: Ball 2-1: SINGLE (Groundball, 6M, EV 108.1 MPH) (infield hit)
|
|
Batting: RHB Ramon Estepa
|
0-0: Ball 1-0: Swinging Strike 1-1: Ball Ryne Sandberg steals 2nd base 2-1: Foul Ball, location: 2F 2-2: Fly out, F9 (Flyball, 9LM, EV 100.6 MPH) Runner from 2nd tags up, SAFE at 3rd, no throw by RF
|
|
Batting: RHB Ken Reitz
|
0-0: Called Strike 0-1: Ball 1-1: Swinging Strike 1-2: Fly out, F4 (Flyball, 4MD, EV 80.0 MPH)
|
|
Batting: LHB Rich Gedman
|
0-0: Ball 1-0: DOUBLE (Groundball, 3L, EV 100.0 MPH) Ryne Sandberg scores
|
|
Batting: RHB Kurt Cunningham
|
0-0: Ball 1-0: Called Strike 1-1: SINGLE (Groundball, 23, EV 63.1 MPH) (infield hit) Rich Gedman to third
|
|
Pinch Hitting: LHB Mike Stenhouse
|
0-0: Ball 1-0: Foul Ball, location: 2F 1-1: Foul Ball, location: 2F 1-2: Ground out 4-3 (Groundball, 4D, EV 100.0 MPH)
|
| Bottom of the 7th over - 1 run, 3 hits, 0 errors, 2 left on base; Toronto 8 - Seattle 2 |
| TOP OF THE 8TH |
|
Toronto Blue Jays batting - Pitching for Seattle Mariners : RHP Timothy Jones
|
|
Now in LF: Mike Stenhouse
|
|
|
Pinch Hitting: RHB Jose Carrillo
|
0-0: Called Strike 0-1: Swinging Strike 0-2: Strikes out swinging
|
|
Pinch Hitting: LHB Manny Leal
|
0-0: Called Strike 0-1: Called Strike 0-2: Strikes out swinging
|
|
Pinch Hitting: RHB Dann Bilardello
|
0-0: Called Strike 0-1: Called Strike 0-2: Strikes out looking
|
| Top of the 8th over - 0 runs, 0 hits, 0 errors, 0 left on base; Toronto 8 - Seattle 2 |
| BOTTOM OF THE 8TH |
|
Seattle Mariners batting - Pitching for Toronto Blue Jays : RHP Mike Proly
|
|
Now at 1B: Dann Bilardello
|
|
|
Now at SS: Jose Carrillo
|
|
|
Now in RF: Manny Leal
|
|
|
Pinch Hitting: RHB Robin Yount
|
0-0: Called Strike 0-1: Ball 1-1: Ball 2-1: Swinging Strike 2-2: Foul Ball, location: 2F 2-2: Ground out 4-3 (Groundball, 4, EV 79.4 MPH)
|
|
Pinch Hitting: SHB Miguel Dilone
|
0-0: Ball 1-0: Called Strike 1-1: Swinging Strike 1-2: Ground out 4-3 (Groundball, 4, EV 86.3 MPH)
|
|
Batting: LHB Jose Perales
|
0-0: Ball 1-0: Called Strike 1-1: Foul Ball, location: 2F 1-2: Ball 2-2: Foul Ball, location: 2F 2-2: Ball 3-2: Ground out 5-3 (Groundball, 5L, EV 76.9 MPH)
|
| Bottom of the 8th over - 0 runs, 0 hits, 0 errors, 0 left on base; Toronto 8 - Seattle 2 |
| TOP OF THE 9TH |
|
Toronto Blue Jays batting - Pitching for Seattle Mariners : RHP Timothy Jones
|
|
Now at SS: Robin Yount
|
|
|
Now in RF: Miguel Dilone
|
|
|
Pinch Hitting: RHB Alex Villalobos
|
0-0: Ball 1-0: Called Strike 1-1: Fly out, F9 (Line Drive, 9, EV 85.6 MPH)
|
|
Batting: RHB Hubie Brooks
|
0-0: Ball 1-0: Swinging Strike 1-1: Ball 2-1: Ball 3-1: Ground out 5-3 (Groundball, 56S, EV 88.8 MPH)
|
|
Batting: LHB Ray Cosey
|
0-0: Called Strike 0-1: Foul Ball, location: 2F 0-2: Ball 1-2: Ball 2-2: Strikes out swinging
|
| Top of the 9th over - 0 runs, 0 hits, 0 errors, 0 left on base; Toronto 8 - Seattle 2 |
| BOTTOM OF THE 9TH |
|
Seattle Mariners batting - Pitching for Toronto Blue Jays : RHP Mike Proly
|
|
Now at 2B: Alex Villalobos
|
|
|
Pinch Hitting: RHB Juan DeLiza
|
0-0: Ball 1-0: Ball 2-0: Called Strike 2-1: Fly out, F8 (Flyball, 8LM, EV 83.8 MPH)
|
|
Pinch Hitting: RHB John Rabb
|
0-0: Swinging Strike 0-1: Called Strike 0-2: Ball 1-2: Fly out, F9 (Line Drive, 9D, EV 100.6 MPH)
|
|
Pinch Hitting: RHB Ozzie Virgil
|
0-0: Ball 1-0: Ball 2-0: SINGLE (Line Drive, 4MD, EV 95.6 MPH)
|
|
Pinch Hitting: LHB Don Mattingly
|
0-0: Ball 1-0: Fielders Choice at 2nd, 5-4 (Groundball, 5L, EV 98.1 MPH)
|
| Bottom of the 9th over - 0 runs, 1 hit, 0 errors, 1 left on base; Toronto 8 - Seattle 2 |
|